 Dungeon Crawl Stone Soup version 0.29.1-15-g9cfb28693d (webtiles) character file.

Game seed: 16696320685937553273

56 Peloso the Shield-Bearer (level 3, -7/33 HPs)
             Began as a Minotaur Fighter on Feb 21, 2023.
             Mangled by an orc
             ... wielding a +1 war axe of electrocution
              (12 damage)
             ... on level 3 of the Dungeon.
             The game lasted 00:02:49 (1856 turns).

Peloso the Shield-Bearer (Minotaur Fighter)         Turns: 1856, Time: 00:02:50

Health: -7/33      AC: 10    Str: 20    XL:     3   Next: 69%
Magic:  2/2        EV:  7    Int:  5    God:
Gold:   161        SH:  5    Dex: 11    Spells: 2/2 levels left

rFire   . . .      SeeInvis .   a - +1 long sword
rCold   . . .      Faith    .   d - +0 buckler
rNeg    . . .      Spirit   .   k - +0 chain mail
rPois   .          Reflect  .   (helmet restricted)
rElec   .          Harm     .   c - +0 cloak
rCorr   .          Rampage  .   (no gloves)
Will    .....                   (no boots)
Stlth   ..........              (no amulet)
HPRegen 0.11/turn               (no ring)
MPRegen 0.08/turn               (no ring)

@: no status effects
A: horns 2, retaliatory headbutt
a: no special abilities


You were on level 3 of the Dungeon.
You visited 1 branch of the dungeon, and saw 3 of its levels.

You collected 161 gold pieces.

Inventory:

Hand Weapons
 a - a +1 long sword (weapon)
Armour
 b - a +0 scale mail
 c - a +0 cloak (worn)
 d - a +0 buckler (worn)
 k - a +0 chain mail (worn)
Scrolls
 f - a scroll of noise
 h - 2 scrolls of teleportation
 j - 2 scrolls of fog
Potions
 e - a potion of invisibility {unknown}
 g - a potion of curing
 i - a potion of might
 l - a potion of cancellation {unknown}
 m - a potion of flight {unknown}


   Skills:
 + Level 4.2 Fighting
 + Level 2.9 Long Blades
 + Level 4.0 Armour
 + Level 0.8 Dodging
 + Level 4.4 Shields


You had 2 spell levels left.
You didn't know any spells.
Your spell library contained the following spells:

 Spells                   Type           Power      Damage    Failure   Level
 Magic Dart               Conj           0%         1d3       100%        1
 Necrotise                Necr           0%         1d4       100%        1
 Searing Ray              Conj           0%         2d4       100%        2
 Vampiric Draining        Necr           0%         2d6       100%        3
 Fulminant Prism          Conj/Hex       0%         3d6       100%        4
 Agony                    Necr           0%         N/A       100%        5


Dungeon Overview and Level Annotations

Branches:
Dungeon (3/15)

Altars:


Innate Abilities, Weirdness & Mutations

You have a pair of horns on your head.
You reflexively headbutt those who attack you in melee.


Message History

You kill the ball python!
You see here a ball python corpse.
You now have 147 gold pieces (gained 13).
Things that are here:
a +0 flail; a +0 leather armour; an orc corpse You see here a +1 dagger of draining.
There is an open door here.
There is an open door here.
Found a stone staircase leading down.
Found a whip.
Found a scroll of noise.
You pick up a book of Necromancy and begin reading...
You add the spells Necrotise, Vampiric Draining and Agony to your library.
There is a stone staircase leading down here.
You see here a scroll of noise.
f - a scroll of noise A goblin comes into view.
It is wielding a +0 dagger.
Found a golden potion.
The goblin shouts!
A goblin is nearby!
A goblin is nearby!
The goblin closely misses you.
You slash the goblin!
You kill the goblin!
You see here a +0 dagger.
m - a golden potion You now have 161 gold pieces (gained 14).
An orc comes into view.
It is wielding a +1 war axe of electrocution.
The orc shouts!
The orc barely misses you.
You barely miss the orc.
The orc hits you with a +1 war axe of electrocution.
You are electrocuted!
You barely miss the orc.
The orc hits you with a +1 war axe of electrocution.
You are electrocuted!
* * * LOW HITPOINT WARNING * * *
You barely miss the orc. You block the orc's attack.
The orc hits you but does no damage.
You are electrocuted!
You die...

#. #.# .. #.# #.#
#.# #.# #.##
#..## #@..#
......o.#.##
#########..##
##..# ####.##
#.....##
#......#########
#....#.##......#
#....#..#......#.


You could see an orc.

Vanquished Creatures
  An adder (D:2)
  A worm (D:2)
  2 orcs (D:3)
  A bat (D:1)
  2 endoplasms (D:2)
  3 giant cockroaches
  3 goblins
  5 hobgoblins
  2 jackals (D:1)
  5 ball pythons
  2 frilled lizards (D:2)
  7 kobolds
  5 rats
39 creatures vanquished.

Notes
Turn   | Place    | Note
-------+----------+-------------------------------------------
     0 | D:1      | Peloso the Minotaur Fighter began the quest for the Orb.
     0 | D:1      | Reached XP level 1. HP: 19/19 MP: 0/0
   277 | D:1      | Found a faded altar of an unknown god.
   323 | D:1      | Reached XP level 2. HP: 27/27 MP: 1/1
   881 | D:2      | Reached XP level 3. HP: 33/33 MP: 2/2
  1856 | D:3      | Mangled by an orc

Illustrated notes

Levels and vault maps discovered:
D:1:      nzn_arrival_depleted_hourglass, layout_rooms,
          chequers_ecumenical_altar_island, grunt_decor_mini_mirrors
D:2:      layout_basic
D:3:      layout_basic, hex_intersection

Skill      XL: |  1  2  3 |
---------------+----------+-----
Fighting       | 4 |  4.2
Shields        | 4 |  4.4
Armour         | 4 |  4.0
Long Blades    | |  2.9
Dodging        | |  0.8

Action                   || total
-------------------------++-------
Melee: Long sword        ||    87
       Headbutt          ||     9
  Use: Scroll            ||     6
       Potion            ||     1
Armor: Scale mail        ||    24
       Chain mail        ||    28
Dodge: Dodged            ||    48
Block: Buckler           ||    19
